 Dungeon Crawl Stone Soup version 0.20-a0-1124-g2e29d97 (webtiles) character file.

40 inmateoo the Bolt Thrower (level 3, 0/27 HPs)
             Began as a Demonspawn Hunter on May 16, 2017.
             Slain by a leopard gecko (4 damage)
             ... on level 2 of the Dungeon.
             The game lasted 00:01:28 (1473 turns).

inmateoo the Bolt Thrower (Demonspawn Hunter)       Turns: 1473, Time: 00:01:28

Health: 0/27       AC:  3    Str: 12    XL:     3   Next: 30%
Magic:  3/3        EV: 12    Int: 12    God:
Gold:   46         SH:  0    Dex: 14    Spells: 2/2 levels left

rFire    . . .     SeeInvis .   b - +0 short sword
rCold    . . .     Gourm    .   (no shield)
rNeg     . . .     Faith    .   c - +0 leather armour
rPois    .         Spirit   .   (no helmet)
rElec    .         Reflect  .   (no cloak)
rCorr    .         Harm     .   (no gloves)
MR       .....                  (no boots)
Stlth    ++........             (no amulet)
Regen    0.1/turn               (no ring)
MPRegen  0.1/turn               (no ring)

@: no status effects
A: talons 2
a: no special abilities


You were on level 2 of the Dungeon.
You were hungry.

You visited 1 branch of the dungeon, and saw 2 of its levels.

You collected 46 gold pieces.

Inventory:

Hand Weapons
 a - a +1 hand crossbow
 b - a +0 short sword (weapon)
Missiles
 d - 49 bolts
Armour
 c - a +0 leather armour (worn)
Scrolls
 i - 4 scrolls of remove curse {unknown}
 j - 2 scrolls of recharging {unknown}
 k - a scroll of fog {unknown}
Potions
 e - a potion of brilliance {unknown}
 h - 2 potions of heal wounds {unknown}
 l - a potion of magic {unknown}
Comestibles
 f - a bread ration
 g - 2 royal jellies


   Skills:
 + Level 2.0 Fighting
 * Level 1.0 Short Blades
 * Level 4.0 Crossbows
 + Level 2.1 Dodging
 + Level 1.5 Stealth


You had 2 spell levels left.
You didn't know any spells.

Dungeon Overview and Level Annotations

Branches:
Dungeon (2/15)

Altars:
Trog


Innate Abilities, Weirdness & Mutations

You have razor-sharp toenails.


Message History

The leopard gecko bites you but does no damage.
You barely miss the leopard gecko. You claw the leopard gecko.
The leopard gecko is almost dead.
The leopard gecko bites you but does no damage.
You hit the leopard gecko but do no damage.
You claw the leopard gecko, but do no damage.
The leopard gecko is almost dead.
The leopard gecko misses you. The leopard gecko barely misses you.
Your leather armour prevents you from hitting the leopard gecko.
The leopard gecko is almost dead.
The leopard gecko bites you.
* * * LOW HITPOINT WARNING * * *
You closely miss the leopard gecko. Your kick misses the leopard gecko.
The leopard gecko is almost dead.
The leopard gecko bites you.
* * * LOW HITPOINT WARNING * * *
You barely miss the leopard gecko. Your kick misses the leopard gecko.
The leopard gecko is almost dead.
The leopard gecko bites you.
You die...

........# # ........#..#####
........##......... ..
...........##### ..
.....####..# # ##.
...........## # #..
...######((.# # #.###l# #..(#
# #.##@.# #...####
#########.##.## #.......
#.........##.##.######...####
#.....###.......#.......(....
#.......#.##.................
#.............###........†...
#......##.##.## ###.#..[#.##
####.#.##.##.## #.#.......
#........#. #.#...#.##


You could see a leopard gecko.

Vanquished Creatures
  An ooze (D:1)
  A worm (D:2)
  A dart slug (D:1)
  A leopard gecko (D:1)
  3 bats
  A giant cockroach (D:1)
  A goblin (D:1)
  2 hobgoblins (D:1)
  10 jackals
  5 kobolds
  A rat (D:1)
27 creatures vanquished.

Notes
Turn   | Place    | Note
-------+----------+-------------------------------------------
     0 | D:1      | inmateoo the Demonspawn Hunter began the quest for the Orb.
     0 | D:1      | Reached XP level 1. HP: 16/16 MP: 1/1
    81 | D:1      | Reached skill level 1 in Stealth
   332 | D:1      | Gained mutation: You have sharp toenails. [demonic ancestry]
   332 | D:1      | Reached XP level 2. HP: 11/22 MP: 2/2
   706 | D:1      | Reached skill level 1 in Short Blades
   996 | D:2      | Gained mutation: You have razor-sharp toenails. [demonic ancestry]
   996 | D:2      | Reached XP level 3. HP: 11/27 MP: 3/3
  1334 | D:2      | Reached skill level 4 in Crossbows
  1375 | D:2      | Found a bloodstained altar of Trog.
  1473 | D:2      | Slain by a leopard gecko

Vault maps used:
D:1:      lightli_arrival_chessboard
D:2:      lemuel_doored_altar, nicolae_overflow_hidden_temple

Skill      XL: |  1  2  3 |
---------------+----------+-----
Stealth        | 1 |  1.5
Dodging        | 2 |  2.1
Short Blades   | 1 |  1.0
Crossbows      | 4 |  4.0
Fighting       | |  2.0

Action                   || total
-------------------------++-------
Melee: Short sword       ||   109
       Kick              ||    19
 Fire: Hand crossbow     ||     6
 Stab: Sleeping          ||     1
  Eat: Chunk             ||     1
Armor: Leather armour    ||    19
Dodge: Dodged            ||    81
